 Dungeon Crawl Stone Soup version 0.29.1-12-g30fa7ad0bf (webtiles) character file.

Game seed: 12150221983663505795

522 FexLirch the Magician (level 7, -1/50 HPs)
             Began as a Meteoran Earth Elementalist on Jan 15, 2023.
             Slain by an orc
             ... wielding a +0 trident
              (6 damage)
             ... on level 7 of the Dungeon.
             The game lasted 00:08:37 (1038 turns).

FexLirch the Magician (Meteoran Earth Elementalist) Turns: 1038, Time: 00:08:38

Health: -1/50      AC:  4    Str: 10    XL:     7   Next: 75%
Magic:  4/18       EV: 12    Int: 19    God:
Gold:   97         SH:  0    Dex: 14    Spells: 9/19 levels left

rFire   . . .      SeeInvis .   n - +1 whip "Lidwos" {vorpal, rC++}
rCold   + + .      Faith    .   (no shield)
rNeg    . . .      Spirit   .   k - +0 leather armour
rPois   .          Reflect  .   c - +0 helmet
rElec   .          Harm     .   (no cloak)
rCorr   .          Rampage  .   (no gloves)
Will    .....                   (no boots)
Stlth   +.........              (no amulet)
HPRegen 0.16/turn               (no ring)
MPRegen 0.16/turn               (no ring)

@: about to teleport, glowing
A: sense surroundings 1, otherworldly, glowing, explore regen
a: no special abilities


You were on level 7 of the Dungeon.
You visited 1 branch of the dungeon, and saw 6 of its levels.

You collected 97 gold pieces.

Inventory:

Hand Weapons
 j - the +7 flail "Cufreth" {holy, rElec SInv}
   (You found it on level 7 of the Dungeon)

   It has been blessed by the Shining One to cause great damage to the undead
   and demons.
   rElec:     It insulates you from electricity.
   SInv:      It lets you see invisible.
 n - the +1 whip "Lidwos" (weapon) {vorpal, rC++}
   (You found it on level 3 of the Dungeon)

   It inflicts extra damage upon your enemies.
   rC:        It greatly protects you from cold.
Armour
 a - a +0 robe
 c - a +0 helmet (worn)
 k - a +0 leather armour (worn)
Jewellery
 f - a ring of fire
Scrolls
 e - a scroll of fear {unknown}
 l - a scroll of fog {unknown}
 m - 4 scrolls of identify {unknown}
Potions
 b - 4 potions of magic
 d - a potion of berserk rage {unknown}
 g - a potion of might
 i - a potion of brilliance {unknown}


   Skills:
 - Level 2.4 Dodging
 - Level 1.4 Stealth
 + Level 6.7 Spellcasting
 - Level 4.0 Conjurations
 - Level 1.2 Transmutations
 - Level 6.0 Earth Magic


You had 9 spell levels left.
You knew the following spells:

 Your Spells              Type           Power      Damage    Failure   Level
a - Sandblast             Erth           58%        2d13      1%          1
b - Passwall              Tmut/Erth      16%        N/A       4%          2
c - Stone Arrow           Conj/Erth      50%        3d10      5%          3
d - Petrify               Tmut/Erth      20%        N/A       32%         4

Your spell library contained the following spells:

 Spells                   Type           Power      Damage    Failure   Level


Dungeon Overview and Level Annotations

Branches:
Dungeon (7/15) Zot: 2502
 Temple: D:4-7

Altars:
Ashenzari

Annotations:
D:2 Natasha
D:4 Grinder


Innate Abilities, Weirdness & Mutations

You passively map a small area around you.
You are easily found by Zot.
You glow in the dark.
You regain HP and MP as you explore.


Message History

Confirm with . or Enter, or press ? or * to list all spells.
Aiming: Stone Arrow (dangerous; 6% risk of failure)
Press: ? - help, Shift-Dir - straight line, f/p - gnoll sergeant
Aim: a gnoll sergeant, wielding a +0 trident and wearing a +0 ring mail (almost dead, 79% to hit)
The stone arrow hits the gnoll sergeant!!
You kill the gnoll sergeant!
The orc hits you from afar with a +0 trident.
* * * LOW HITPOINT WARNING * * *
Items here: ) ? [ †.
Your magical contamination has completely faded away.
A gnoll comes into view. It is wielding a +0 spear.
Casting: Stone Arrow (dangerous; 5% risk of failure)
Confirm with . or Enter, or press ? or * to list all spells.
Aiming: Sandblast (safe; 1% risk of failure)
Press: ? - help, Shift-Dir - straight line, f - orc
Aim: an orc, wielding a +0 trident (83% to hit)
The blast of sand hits the orc!
You kill the orc!
m - 4 scrolls labelled MOZERCHAAQEK (gained 1)
Items here: )) [ †.
An orc and an orc wizard come into view.
The orc shouts!
An orc priest comes into view. It is wielding a +0 club.
As you read the scroll labelled ZEESAJ TO HOFY, it crumbles to dust.
You feel strangely unstable.
It was a scroll of teleportation.
Casting: Sandblast (safe; 1% risk of failure)
Confirm with . or Enter, or press ? or * to list all spells.
Aiming: Sandblast (safe; 1% risk of failure)
Press: ? - help, Shift-Dir - straight line, f - orc wizard
Aim: an orc wizard, wielding a +0 dagger and wearing a +0 robe (79% to hit)
The blast of sand hits the orc wizard.
The orc wizard is lightly wounded.
The orc priest shouts!
You hear a shout!
The gnoll hits you from afar with a +0 spear.
* * * LOW HITPOINT WARNING * * *
The orc wizard hits you but does no damage.
The gnoll barely misses you.
An orc wizard comes into view. It is wielding a +0 dagger of draining.
The orc hits you from afar with a +0 trident.
You die...

## * ##### #. ,
#########...#####. * * *
**#@.g.............. * ,
* * #o#####........#.. *
, * #o# ##......#....
#.o..o.# #.....#...).. ,
....o.o.####...#.g..##..
####.#####..............
#. *#...#.#..##.... #
#..............# *
#...#..........#


You could see an orc priest, 2 orc wizards, a gnoll and an orc.

Vanquished Creatures
  A water moccasin (D:7)
  A bullfrog (D:6)
  A gnoll sergeant (D:7)
  3 hounds
  An orc priest (D:6)
  An orc wizard (D:3)
  A gnoll (D:7)
  5 adders
  A shadow imp (D:6)
  An ufetubus (D:7)
  3 worms
  4 dart slugs
  6 orcs
  3 bats
  6 endoplasms
  2 giant cockroaches
  5 goblins
  6 hobgoblins
  2 quokkas (D:3)
  8 ball pythons
  2 frilled lizards
  5 kobolds
  2 rats (D:2)
70 creatures vanquished.

Notes
Turn   | Place    | Note
-------+----------+-------------------------------------------
     0 | D:1      | FexLirch the Meteoran Earth Elementalist began the quest
                  | for the Orb.
     0 | D:1      | Reached XP level 1. HP: 14/14 MP: 5/5
    92 | D:1      | Reached XP level 2. HP: 15/20 MP: 1/6
   143 | D:1      | Reached skill level 1 in Conjurations
   213 | D:2      | Found a broken altar of Ashenzari.
   213 | D:2      | HP: 1/20 [kobold/sling bullet (4)]
   219 | D:2      | Reached XP level 3. HP: 4/26 MP: 4/8
   333 | D:2      | Reached XP level 4. HP: 33/33 MP: 7/10
   338 | D:2      | Learned a level 2 spell: Passwall
   342 | D:2      | Learned a level 3 spell: Stone Arrow
   351 | D:2      | Learned a level 4 spell: Petrify
   400 | D:2      | Noticed Natasha
   482 | D:2      | Reached XP level 5. HP: 38/38 MP: 6/11
   729 | D:3      | Identified the +1 whip "Lidwos" {vorpal, rC++}
   821 | D:3      | Reached skill level 5 in Earth Magic
   827 | D:4      | Noticed Grinder
   827 | D:4      | You fall into a shaft and drop 2 floors!
   830 | D:6      | Noticed a bullfrog
   854 | D:6      | Killed a bullfrog
   855 | D:6      | Reached XP level 6. HP: 32/45 MP: 6/14
   899 | D:6      | Noticed an ice beast
   943 | D:6      | Noticed an orc warrior
   953 | D:6      | Noticed a black bear
   956 | D:7      | Reached skill level 5 in Spellcasting
   963 | D:7      | Noticed a centaur
   970 | D:7      | Reached XP level 7. HP: 44/50 MP: 2/15
   987 | D:7      | Noticed a water moccasin
   993 | D:7      | Killed a water moccasin
  1006 | D:7      | Identified the +7 flail "Cufreth" {holy, rElec SInv}
  1038 | D:7      | Slain by an orc

Illustrated notes

Levels and vault maps discovered:
D:1:      dpeg_arrival_three_bigger_balls, layout_rooms,
          shapermc_ecumenical_altar_petra, st_stairs_9,
          kennysheep_decorative_pillar
D:2:      layout_loops_ring, basic_altar, minivault_14, minmay_split_cup_small,
          uniq_natasha
D:3:      kennysheep_slugbush, layout_rooms
D:4:      layout_basic, uniq_menkaure, uniq_grinder
D:6:      layout_basic, nicolae_elyvilon_temple_path,
          minmay_temple_entry_butterflies, uniq_maggie
D:7:      layout_loops_corners, amcnicky_altar_gilded, jmf_multi_god_temple2,
          serial_rivers, chequers_serial_rivers_micro_b,
          chequers_serial_rivers_micro_b, chequers_serial_rivers_room_b,
          chequers_serial_rivers_micro_c, hangedman_decor_peaks_small

Skill      XL: |  1  2  3  4  5  6  7 |
---------------+----------------------+-----
Spellcasting   | 3 4 5 6 |  6.7
Conjurations   | 1 2 3 4 |  4.0
Earth Magic    | 4 5 6 |  6.0
Dodging        | |  2.4
Stealth        | |  1.4
Transmutations | |  1.2

Action                   |  1- 3 |  4- 6 |  7- 9 || total
-------------------------+-------+-------+-------++-------
Melee: Unarmed           |       |     2 |       ||     2
       Whip              |       |     2 |       ||     2
 Cast: Sandblast         |    35 |    78 |     6 ||   119
       Passwall          |       |     3 |       ||     3
       Stone Arrow       |       |     5 |     5 ||    10
  Use: Scroll            |       |     1 |     1 ||     2
       Potion            |       |     1 |       ||     1
Armor: Robe              |     2 |     8 |       ||    10
       Leather armour    |       |    13 |     3 ||    16
Dodge: Dodged            |    11 |    47 |     4 ||    62
